AoeStats
← Suchlikepizza21

Arabia

510718140Analyzed
1v1 RM · 10h ago on Oct 2, 2026· 24m 23s· 2 players
Game mode
Random Map
Map size
Tiny (2 player)
Population
200
Speed
Normal
Resources
Standard
Victory
Conquest
Starting age
Dark Age
Ending age
Imperial Age
RankedLock teamsTeams togetherTeam positionsShared explorationLock speedFull tech treeHidden civsTurbo modeCheats
Victory
Defeat
🇧🇪 Khmer · Belgium
737
+38
🇦🇺 Persians · Australia
727
-38
Suchlikepizza21
8:41 Loom
11:29 Feudal Age
13:51 Double-Bit Axe
14:33 Horse Collar
Stijn Arns
10:23 Feudal Age
9:29 Loom
11:47 Double-Bit Axe
11:45 Horse Collar
11:29 Man-at-Arms
24:10 Castle Age
22:51 Gold Mining
24:21 Long Swordsman
Connection lost

Rejoining the realm…

Still unreachable

The connection could not be restored.

Session expired

The server has moved on; the page needs a fresh start.